 Dungeon Crawl Stone Soup version 0.17-a0-1554-g3b847ca (webtiles) character file.

417 mrath the Digger (level 6, 0/32 HPs)
             Began as a Gargoyle Earth Elementalist on July 19, 2015.
             Killed from afar by Duffy's ghost (7 damage)
             ... with a stone arrow
             ... on level 4 of the Dungeon.
             The game lasted 00:43:33 (4288 turns).

mrath the Digger (Gargoyle Earth Elementalist)      Turns: 4288, Time: 00:43:33

Health: 0/32       AC:  8    Str: 11    XL:     6   Next: 92%
Magic:  14/14      EV: 12    Int: 18    God:
Gold:   242        SH:  0    Dex: 10    Spells: 3 memorised, 10 levels left

rFire  . . .     SeeInvis .     B - +0 flail
rCold  . . .     Clarity  .     b - +0 robe
rNeg   + . .     SustAt   .     (no shield)
rPois  ∞         Gourm    .     t - +0 helmet
rElec  +         Spirit   .     (no cloak)
rCorr  +         Warding  .     h - +0 pair of gloves
rMut   .         Stasis   .     (no boots)
MR     +....                    P - amulet of resist corrosion
Stlth  ++........               J - ring of protection from magic
                                (no ring)

@: somewhat resistant to hostile enchantments, unstealthy
A: negative energy resistance 1, electricity resistance, unbreathing,
petrification resistance, rot immunity, AC +4
a: no special abilities


You were on level 4 of the Dungeon.
You were not hungry.

You visited 1 branch of the dungeon, and saw 4 of its levels.

You collected 242 gold pieces.

Inventory:

Hand weapons
 l - a +0 spear
 o - a +0 hunting sling
 B - a +0 flail (weapon)
Missiles
 a - 10 stones (quivered)
 j - 36 arrows
 k - 15 bolts
 I - 2 throwing nets
Armour
 b - a +0 robe (worn)
 h - a +0 pair of gloves (worn)
 t - a +0 helmet (worn)
Jewellery
 e - an uncursed ring of teleportation
 J - a ring of protection from magic (right hand)
 P - an amulet of resist corrosion (around neck)
Magical devices
 y - a wand of slowing (24)
 z - a wand of polymorph (7)
Scrolls
 i - 3 scrolls of remove curse
 s - a scroll of enchant weapon {unknown}
 v - 2 scrolls of teleportation
 x - a scroll of magic mapping {unknown}
 A - a scroll of noise {unknown}
 G - a scroll of fear {unknown}
 K - a scroll of amnesia {unknown}
 N - a scroll of enchant armour {unknown}
 O - a scroll of identify {unknown}
Potions
 g - 2 potions of invisibility {unknown}
 m - a potion of degeneration {unknown}
 n - a potion of cancellation {unknown}
 p - a potion of agility {unknown}
 q - a potion of experience {unknown}
 u - 2 potions of ambrosia
 C - a potion of magic {unknown}
 D - 2 potions of cure mutation {unknown}
 F - a potion of poison {unknown}
 H - a potion of might {unknown}
 M - a potion of heal wounds {unknown}
Books
 c - a book of Geomancy

   Spells                             Type                      Level
   a - Sandblast                      Earth                        1
   b - Stoneskin                      Transmutation/Earth          2
   c - Passwall                       Transmutation/Earth          3
   d - Stone Arrow                    Conjuration/Earth            3
   e - Petrify                        Transmutation/Earth          4
   f - Lee's Rapid Deconstruction     Earth                        5
Comestibles
 d - 3 bread rations
 f - a meat ration
 r - 4 fruits
 w - 2 beef jerkies
 L - 3 chunks of flesh


   Skills:
 - Level 1.5 Dodging
 - Level 2.1 Stealth
 * Level 5.6 Spellcasting
 - Level 0.7 Transmutations
 + Level 5.7 Earth Magic


You had 10 spell levels left.
You knew the following spells:

 Your Spells              Type           Power        Failure   Level  Hunger
a - Sandblast             Erth           ####..       1%          1    None
b - Stoneskin             Trmt/Erth      ###.....     6%          2    None
c - Stone Arrow           Conj/Erth      ###...       14%         3    ##.....


Dungeon Overview and Level Annotations

Branches:
Dungeon (4/15)
 Temple: D:4-7

Altars:
Nemelex Xobeh
Okawaru

Annotations:
D:4 Duffy's ghost, average DrEE


Innate Abilities, Weirdness & Mutations

You are resistant to torment.
Your stone body is resilient (AC +4).
You are immune to poison.
You resist negative energy.
You are resistant to electric shocks.
You can survive without breathing.
You are immune to petrification.
You are immune to rotting.


Message History

Duffy's ghost points at you and mumbles some strange words.
The stone arrow misses you.
Duffy's ghost lets out a mournful wail.
You miss Duffy's ghost.
Duffy's ghost is lightly damaged.
You feel less invigorated.
You feel less confused. Duffy's ghost closely misses you.
Duffy's ghost hits you.
You miss Duffy's ghost.
Duffy's ghost is lightly damaged.
Duffy's ghost hits you but does no damage.
Duffy's ghost points at you and mumbles some strange words.
The rocky blast hits you!
Duffy's ghost points at you and mumbles some strange words.
The stone arrow hits you!
Ouch! That really hurt!
* * * LOW HITPOINT WARNING * * *
Duffy's ghost points at you and mumbles some strange words.
The stone arrow hits you!
You die...

.....'...'.##.##.####+#
##.###..##.##....#....+
##.####'##.##....'....#
'...'.........##.####'#
##'##.####.##.##W####.###
#..##.####+##.##....#...
......+........+....+..
+##...##'#######.####.#
.##...##.#######@####.##
.#.......+...+.........#
.+....##.##..##........#
.##...##.##..##.[##...##
'##'####.....###+##...##
..#...........#..'.....#
..'...........'..#.....#
###..###########.##...##
###..###########.####+##


You could see Duffy's ghost.

Vanquished Creatures
  2 phantoms (D:4)
  An orc priest (D:3)
  Jessica (D:2)
  A worker ant (D:4)
  4 adders
  4 gnolls (D:3)
  3 worms
  4 giant geckos
  3 orcs
  7 bats
  6 giant cockroaches
  9 goblins
  5 hobgoblins
  10 jackals
  2 quokkas
  3 ball pythons
  6 giant newts
  11 kobolds
  7 rats
89 creatures vanquished.

Notes
Turn   | Place    | Note
--------------------------------------------------------------
     0 | D:1      | mrath the Gargoyle Earth Elementalist began the quest for the Orb.
     0 | D:1      | Reached XP level 1. HP: 10/10 MP: 3/3
   222 | D:1      | Reached XP level 2. HP: 15/15 MP: 1/5
   378 | D:1      | Reached skill level 4 in Earth Magic
   482 | D:1      | Learned a level 2 spell: Stoneskin
   783 | D:1      | Reached XP level 3. HP: 11/19 MP: 7/7
  1417 | D:1      | Learned a level 3 spell: Stone Arrow
  1794 | D:2      | Reached XP level 4. HP: 24/24 MP: 0/9
  2055 | D:2      | Noticed Jessica
  2075 | D:2      | Killed Jessica
  2313 | D:2      | Found an iron altar of Okawaru.
  2919 | D:3      | Reached XP level 5. HP: 28/28 MP: 9/11
  3018 | D:3      | Found a sparkling altar of Nemelex Xobeh.
  3341 | D:3      | Reached skill level 5 in Earth Magic
  3842 | D:4      | Reached XP level 6. HP: 28/32 MP: 13/13
  4034 | D:4      | Noticed a phantom
  4061 | D:4      | Killed a phantom
  4061 | D:4      | Reached skill level 5 in Spellcasting
  4257 | D:4      | Noticed Duffy's ghost (average DrEE)
  4288 | D:4      | Killed from afar by Duffy's ghost

Vault maps used:
D:1:      shiori_arrival_elements
D:2:      lemuel_crystal_altar, uniq_jessica
D:3:      grunt_decor_mini_mirrors, nemelex_xobeh_ov_fountains_minmay
D:4:      minmay_temple_entry_enclosed_plants, first_bread,
          minmay_misc_feat_ornament

Action                   |  1- 3 |  4- 6 || total
-------------------------+-------+-------++-------
Melee: Unarmed           |     6 |       ||     6
       Spear             |   118 |    88 ||   206
       Flail             |       |    36 ||    36
Throw: Tomahawk          |    20 |    33 ||    53
 Cast: Sandblast         |    26 |    92 ||   118
       Stoneskin         |     1 |     6 ||     7
       Stone Arrow       |     1 |     1 ||     2
  Use: Scroll            |       |     3 ||     3
       Potion            |       |     1 ||     1
 Stab: Sleeping          |     2 |     2 ||     4
  Eat: Chunk             |     1 |     6 ||     7
       Bread ration      |     1 |       ||     1
